 Dungeon Crawl Stone Soup version 0.18.1-48-g4cf74bf (webtiles) character file.

3203 Qew7 the Ducker (level 9, -4/71 HPs)
             Began as a Demonspawn Chaos Knight on Aug 21, 2016.
             Slain by a five-headed hydra (5 damage)
             ... on level 8 of the Dungeon.
             The game lasted 00:38:40 (4904 turns).

Qew7 the Ducker (Demonspawn Chaos Knight)           Turns: 4904, Time: 00:38:40

Health: -4/71      AC: 10    Str: 14    XL:     9   Next: 65%
Magic:  9/9        EV: 18    Int: 14    God:    Xom [......]
Gold:   588        SH:  0    Dex: 17    Spells: 0 memorised, 8 levels left

rFire  + . .     SeeInvis +     a - +2 hand axe (chaos)
rCold  . . .     Gourm    .     b - +2 leather armour
rNeg   . . .     Faith    .     (no shield)
rPois  .         Spirit   .     (helmet restricted)
rElec  .         Dismiss  .     (no cloak)
rCorr  .         Reflect  .     p - +1 pair of gloves
SustAt +         Harm     .     g - +1 pair of boots
MR     .....                    (no amulet)
Stlth  +++.......               F - ring of sustain attributes
                                j - +5 ring of dexterity

@: about to teleport, not resistant to hostile enchantments, fairly stealthy
A: horns 1, repulsion field 1, see invisible, fire resistance 1, spiny 2, weak
1, evolution 1
a: Renounce Religion


You were on level 8 of the Dungeon.
You worshipped Xom.
You were a very special plaything of Xom.
You were not hungry.

You visited 1 branch of the dungeon, and saw 8 of its levels.

You collected 588 gold pieces.

Inventory:

Hand Weapons
 a - a +2 hand axe of chaos (weapon)
 o - a cursed -3 trident
 A - a +0 trident of venom
 B - a +2 flail of protection
 E - a +3 short sword of draining
 J - a +0 falchion of flaming
Armour
 b - a +2 leather armour (worn)
 g - a +1 pair of boots (worn)
 h - a +0 scale mail
 p - a +1 pair of gloves (worn)
 H - a +2 helmet
Jewellery
 j - a +5 ring of dexterity (left hand)
 q - an uncursed ring of fire
 x - an uncursed ring of wizardry
 F - a ring of sustain attributes (right hand)
 I - an uncursed ring of teleportation
Wands
 c - a wand of flame (19/48)
 l - a wand of lightning (11/15)
 n - a wand of lightning (6/15)
 v - a wand of enslavement (0/24)
 G - a wand of flame (13/48)
Scrolls
 f - 7 scrolls of remove curse
 w - a scroll of magic mapping
 y - a scroll of teleportation
Potions
 e - 2 potions of curing
 u - 2 potions of flight
 z - a potion of heal wounds {unknown}
 D - a potion of experience {unknown}
Books
 k - a book of Death

   Spells                             Type                      Level
   a - Corpse Rot                     Necromancy                   2
   b - Sublimation of Blood           Necromancy                   2
   c - Agony                          Necromancy                   5
   d - Dispel Undead                  Necromancy                   5
   e - Excruciating Wounds            Charms/Necromancy            5
   f - Bolt of Draining               Conjuration/Necromancy       5
 s - a Young Poisoner's Handbook

   Spells                             Type                      Level
   a - Sting                          Conjuration/Poison           1
   b - Cure Poison                    Poison                       2
   c - Mephitic Cloud                 Conjuration/Poison/Air       3
   d - Olgreb's Toxic Radiance        Poison                       4
   e - Venom Bolt                     Conjuration/Poison           5
 t - a book of Transfigurations

   Spells                             Type                      Level
   a - Irradiate                      Conjuration/Transmutation    5
   b - Statue Form                    Transmutation/Earth          6
   c - Hydra Form                     Transmutation                6
   d - Dragon Form                    Transmutation                7
Miscellaneous
 C - a plain deck of changes {drawn: 2}
Comestibles
 d - 8 slices of pizza
 i - 3 meat rations
 m - 25 fruits
 r - 2 bread rations


   Skills:
 + Level 6.4 Fighting
 + Level 6.3 Axes
 + Level 4.7 Armour
 + Level 6.6 Dodging
 + Level 5.7 Stealth
 - Level 1.0 Evocations


You had 8 spell levels left.
You didn't know any spells.

Dungeon Overview and Level Annotations

Branches:
Dungeon (8/15)             Temple (0/1) D:7
   Lair: D:8-11

Altars:
Cheibriados
Dithmenos
Fedhas
Okawaru
Sif Muna
Xom
Yredelemnul
Zin
The Shining One


Innate Abilities, Weirdness & Mutations

You have a pair of small horns on your head.
You are surrounded by a mild repulsion field (EV +2).
Your flesh is heat resistant.
You are mostly covered in sharp spines.
You have supernaturally acute eyesight.
You are weak. (Str -2)
You evolve.


Message History

You barely miss the five-headed hydra. You headbutt the five-headed hydra!
The five-headed hydra is moderately wounded.
The five-headed hydra is struck by your spines.
The five-headed hydra bites you! The five-headed hydra bites you. x2
The five-headed hydra bites you!
* * * LOW HITPOINT WARNING * * *
The five-headed hydra misses you.
As you read the scroll of teleportation, it crumbles to dust.
You feel strangely unstable. The five-headed hydra bites you.
* * * LOW HITPOINT WARNING * * *
The five-headed hydra misses you.
The five-headed hydra completely misses you.
The five-headed hydra closely misses you.
The five-headed hydra completely misses you.
The five-headed hydra is struck by your spines.
The five-headed hydra bites you!
* * * LOW HITPOINT WARNING * * *
The five-headed hydra bites you.
You die...
Xom bursts into laughter!

##########
#....(D%.#
#....@#))#
##'''###+#
####.....P≈.#
#..#..P..≈≈P#
#.##.....P≈≈#
#<##......≈P#
#.##.≈†††≈PP#
######.#####(#####
#........#..(#


You could see a five-headed hydra.

Vanquished Creatures
  The ghost of sciencifying the Carver, a novice HEWz (D:7)
  Grinder (D:5)
  2 yaks (D:8)
  A hippogriff (D:5)
  Duvessa (D:7)
  2 sky beasts
  An orc warrior (D:6)
  A black bear (D:6)
  2 necrophages
  An ice beast (D:7)
  2 ogres (D:6)
  3 centaurs
  3 big kobolds (D:8)
  Dowan (D:7)
  4 crimson imps
  A centaur zombie (D:7)
  A jelly (D:6)
  An orc priest (D:4)
  5 orc wizards
  3 iguanas
  An iron imp (D:6)
  3 worker ants (D:4)
  2 sheep (D:8)
  2 hound skeletons
  4 gnolls (D:4)
  8 adders
  2 shadow imps
  An ooze (D:5)
  2 worms
  3 dart slugs
  2 giant geckos (D:2)
  16 orcs
  A ball python (D:3)
  3 giant cockroaches
  7 goblins
  3 hobgoblins
  13 jackals
  4 quokkas
  8 bats
  A giant gecko skeleton (D:5)
  7 giant newts
  A goblin skeleton (D:6)
  9 kobolds
  A kobold zombie (D:6)
  An orc skeleton (D:6)
  An orc zombie (D:6)
  3 rats (D:3)
146 creatures vanquished.

Notes
Turn   | Place    | Note
--------------------------------------------------------------
     0 | D:1      | Qew7 the Demonspawn Chaos Knight began the quest for the Orb.
     0 | D:1      | Reached XP level 1. HP: 18/18 MP: 1/1
    76 | D:1      | XOM: harmless Air miscast
   220 | D:1      | XOM: vitrification
   256 | D:1      | Gained mutation: You are partially covered in sharp spines. [demonic ancestry]
   256 | D:1      | Reached XP level 2. HP: 24/24 MP: 2/2
   443 | D:1      | XOM: scenery: 1 doors close
   665 | D:2      | XOM: blink monster(s)
   711 | D:2      | XOM: medium Pois miscast
   767 | D:2      | Gained mutation: You have a pair of small horns on your head. [demonic ancestry]
   767 | D:2      | Reached XP level 3. HP: 29/29 MP: 3/3
   772 | D:2      | Reached skill level 1 in Dodging
   851 | D:2      | Found a shadowy altar of Dithmenos.
   875 | D:2      | Found a blossoming altar of Fedhas.
  1075 | D:2      | XOM: give mutations
  1075 | D:2      | Gained mutation: You have a pair of horns on your head. [Xom's grace]
  1075 | D:2      | Gained mutation: Your flesh is cold resistant. [Xom's grace]
  1168 | D:3      | Gained mutation: Your flesh is heat resistant. [demonic ancestry]
  1168 | D:3      | Reached XP level 4. HP: 37/37 MP: 4/4
  1191 | D:3      | XOM: 8-stop teleportation journey
  1334 | D:3      | Found an iron altar of Okawaru.
  1341 | D:3      | Reached skill level 1 in Stealth
  1590 | D:3      | XOM: summons 4 hostile shadow creatures
  1771 | D:4      | XOM: medium Necr miscast
  1933 | D:4      | Found a snail-covered altar of Cheibriados.
  2011 | D:4      | Gained mutation: You are surrounded by a mild repulsion field (EV +2). [demonic ancestry]
  2011 | D:4      | Reached XP level 5. HP: 34/42 MP: 5/5
  2023 | D:4      | XOM: harmless Chrm miscast
  2108 | D:4      | Gained mutation: You are mostly covered in sharp spines. [demonic ancestry]
  2108 | D:4      | Reached XP level 6. HP: 29/49 MP: 6/6
  2169 | D:4      | XOM: noise
  2632 | D:4      | XOM: mild Tloc miscast
  2732 | D:4      | XOM: divination: detect items
  2808 | D:5      | Entered Level 5 of the Dungeon
  2825 | D:5      | Found a deep blue altar of Sif Muna.
  2850 | D:5      | Noticed an angel
  2850 | D:5      | Found a glowing silver altar of Zin.
  2851 | D:5      | Found a shimmering altar of Xom.
  2856 | D:5      | Noticed a hippogriff
  2867 | D:5      | Killed a hippogriff
  2917 | D:5      | Reached XP level 7. HP: 55/55 MP: 7/7
  3004 | D:5      | Lost mutation: You have a pair of horns on your head. [potion of cure mutation]
  3004 | D:5      | Lost mutation: Your flesh is cold resistant. [potion of cure mutation]
  3029 | D:5      | XOM: butterfly on damage
  3035 | D:5      | XOM: cast spell 'Confusing Touch'
  3113 | D:5      | Noticed Grinder
  3127 | D:5      | Killed Grinder
  3127 | D:5      | Reached skill level 5 in Fighting
  3131 | D:5      | Gained mutation: You evolve. [potion of mutation]
  3131 | D:5      | Gained mutation: You are weak. (Str -2) [potion of mutation]
  3248 | D:5      | Reached XP level 8. HP: 41/62 MP: 8/8
  3440 | D:6      | Found a glowing golden altar of the Shining One.
  3463 | D:6      | Found a glowing golden altar of the Shining One.
  3481 | D:6      | XOM: noise
  3511 | D:6      | Reached skill level 5 in Axes
  3819 | D:6      | Reached skill level 1 in Evocations
  3990 | D:6      | Reached skill level 5 in Dodging
  4002 | D:6      | XOM: enchant monster (bad)
  4011 | D:6      | Reached skill level 5 in Stealth
  4114 | D:7      | XOM: god gift: plain deck of cards {god gift}
  4117 | D:7      | Gained mutation: You have supernaturally acute eyesight. [evolution]
  4124 | D:7      | Noticed Duvessa
  4127 | D:7      | Noticed Dowan
  4130 | D:7      | Killed Duvessa
  4130 | D:7      | Reached XP level 9. HP: 57/69 MP: 9/9
  4131 | D:7      | Killed Dowan
  4149 | D:7      | Found a basalt altar of Yredelemnul.
  4234 | D:7      | Noticed sciencifying's ghost (novice HEWz)
  4237 | D:7      | XOM: summons friendly iron imp
  4240 | D:7      | XOM: potion effect (heal wounds)
  4264 | D:7      | XOM: cast spell 'Leda's Liquefaction'
  4275 | D:7      | Killed sciencifying's ghost
  4577 | D:7      | XOM: harmless Air miscast
  4705 | D:7      | Found a staircase to the Ecumenical Temple.
  4852 | D:8      | XOM: noise
  4860 | D:8      | XOM: summons 4 hostile demons
  4863 | D:8      | XOM: mild Ice miscast
  4898 | D:8      | Noticed a three-headed hydra
  4904 | D:8      | HP: 1/71 [five-headed hydra (10)]
  4904 | D:8      | Slain by a five-headed hydra

Skill      XL: |  1  2  3  4  5  6  7  8  9 |
---------------+----------------------------+-----
Axes           | 3 4 5 6 |  6.3
Armour         | 2 3 4 |  4.7
Dodging        | 1 2 3 5 6 |  6.6
Stealth        | 1 2 3 5 |  5.7
Fighting       | 4 5 6 |  6.4
Evocations     | 1 |  1.0

Action                   |  1- 3 |  4- 6 |  7- 9 || total
-------------------------+-------+-------+-------++-------
Melee: Hand axe          |    64 |    64 |   156 ||   284
       Headbutt          |     4 |    11 |    31 ||    46
Evoke: Wand              |       |       |    10 ||    10
       Deck              |       |       |     2 ||     2
  Use: Scroll            |     6 |     8 |     3 ||    17
       Potion            |     2 |     3 |     2 ||     7
 Stab: Petrifying        |     1 |       |       ||     1
       Sleeping          |     1 |     4 |     6 ||    11
       Petrified         |       |       |     1 ||     1
  Eat: Bread ration      |       |     1 |       ||     1
       Fruit             |       |     1 |     1 ||     2
       Beef jerky        |       |     1 |       ||     1
       Meat ration       |       |       |     1 ||     1
Armor: Leather armour    |    30 |    21 |    37 ||    88
Dodge: Dodged            |    28 |    42 |   100 ||   170
